 Dungeon Crawl Stone Soup version 0.31.0-11-ge490571c62 (webtiles) character file.

Game seed: 9895052896551354585

1923535 RBrandon the Warmonger (level 25, 223/223 HPs)
             Began as an Armataur Hedge Wizard on Jan 27, 2024.
             Was a High Priest of Okawaru.
             Escaped with the Orb
             ... and 3 runes!
             The game lasted 03:00:40 (51499 turns).

RBrandon the Warmonger (Armataur Hedge Wizard)     Turns: 51499, Time: 03:00:40

Health: 223/223    AC: 51    Str: 24    XL:     25   Next: 65%
Magic:  36/36      EV: 12    Int: 17    God:    Okawaru [*****.]
Gold:   2798       SH: 25    Dex: 17    Spells: 13/31 levels left

rFire   + . .        a - +9 eveningstar (flame)
rCold   + . .        o - +5 tower shield
rNeg    . . .        E - +13 plate armour "Voefos" {Str+4 Dex+2 Stlth+}
rPois   +            D - +0 helmet of Xuneom {rPois Slay+4 SInv}
rElec   +            y - +2 cloak
rCorr   .            m - +2 pair of gloves
SInv    +            W - +4 barding {Fly}
Will    ++...        K - amulet "Feiwiyn" {Faith Will+} Stlth
                     R - +5 ring of evasion
HPRegen 0.57/turn    L - ring "Ipobbalics" {rF+ rC+}
MPRegen 0.25/turn

%: roll, faith
@: flying
A: large, deformed body, tough skin 3, armoured tail, roll 2, talons 1, agile 1,
sense surroundings 1, shaggy fur 1, electricity resistance, weak 1
0: Orb of Zot
}: 3/15 runes: barnacled, slimy, gossamer
a: Renounce Religion, Heroism, Finesse, Duel


You escaped.
You worshipped Okawaru.
Okawaru was extremely pleased with you.
You visited 10 branches of the dungeon, and saw 49 of its levels.
You visited 1 bazaar.
You also visited: Ice Cave.

You collected 5702 gold pieces.
You spent 2904 gold pieces at shops.

Inventory:

Hand Weapons
 a - a +9 eveningstar of flaming (weapon)
   (You took it off Urug on level 11 of the Dungeon)
 j - a +1 short sword of distortion
   (You took it off Sonja in the Arena)
Missiles
 e - 6 datura-tipped darts
 C - 39 boomerangs
 F - 5 throwing nets
 H - 33 javelins (quivered)
 U - 12 silver javelins
 X - 23 curare-tipped darts
 Y - 16 atropa-tipped darts
Armour
 m - a +2 pair of gloves (worn)
 o - a +5 tower shield (worn)
 y - a +2 cloak (worn)
 D - the +0 helmet of Xuneom (worn) {rPois Slay+4 SInv}
   (You found it in an ice cave)

   Slay+4:    It affects your accuracy & damage with ranged weapons and melee
   (+4).
   rPois:     It protects you from poison SInv: It lets you see invisible.
 E - the +13 plate armour "Voefos" (worn) {Str+4 Dex+2 Stlth+}
   (You found it on level 5 of the Dungeon)

   Str+4:     It affects your strength (+4).
   Dex+2:     It affects your dexterity (+2).
   Stlth+:    It makes you more stealthy.
 W - a +4 barding of flying (worn)
   (Okawaru gifted it to you on level 5 of the Lair of Beasts)
Jewellery
 f - a ring of willpower
 k - a +6 ring of dexterity
 t - the ring of the Tortoise {AC+8}
   (You found it on level 3 of the Depths)

   [ring of protection]

   AC+8:      It affects your AC (+8).
 u - a ring of protection from cold
 A - a ring of fire
 K - the amulet "Feiwiyn" (around neck) {Faith Will+}
   (You bought it in a shop in a bazaar)

   [amulet of faith]

   Faith:     It allows you to gain divine favour quickly.
   Will+:     It increases your willpower.
 L - the ring "Ipobbalics" (right hand) {rF+ rC+}
   (You found it on level 5 of the Pits of Slime)

   [ring of protection from cold]

   rF+:       It protects you from fire.
   rC+:       It protects you from cold.
 R - a +5 ring of evasion (left hand)
 V - a +5 ring of evasion
Wands
 x - a wand of quicksilver (40)
 B - a wand of roots (29)
 I - a wand of polymorph (20)
 O - a wand of paralysis (15)
 P - a wand of digging (13)
Scrolls
 g - 12 scrolls of blinking
 i - 6 scrolls of poison
 n - 18 scrolls of teleportation
 v - 4 scrolls of fog
Potions
 b - 8 potions of brilliance
 c - 4 potions of cancellation
 d - 5 potions of magic
 h - 8 potions of attraction
 l - 10 potions of heal wounds
 p - 8 potions of might
 q - 7 potions of haste
 s - 9 potions of berserk rage
 w - 8 potions of mutation
 z - 6 potions of invisibility
 G - 10 potions of curing
 M - 4 potions of enlightenment
 T - 4 potions of resistance
 Z - 7 potions of ambrosia
Miscellaneous
 J - a condenser vane
 N - a lightning rod (4/4)
 Q - a phial of floods


   Skills:
 - Level 17.8 Fighting
 - Level 4.3 Short Blades
 - Level 16.0 Maces & Flails
 - Level 13.5 Throwing
 - Level 19.3 Armour
 - Level 9.3 Dodging
 - Level 3.8 Stealth
 - Level 16.6 Shields
 - Level 3.6 Spellcasting
 - Level 4.1 Conjurations
 - Level 0.7 Summonings
 - Level 12.0 Translocations
 - Level 1.1 Air Magic
 - Level 1.1 Alchemy
 - Level 19.6 Invocations
 + Level 13.4 Evocations


You had 13 spell levels left.
You knew the following spells:

 Your Spells              Type           Power      Damage    Failure   Level
a - Magic Dart            Conj           68%        1d6       36%         1
b - Blink                 Tloc           86%        N/A       2%          2
c - Vhi's Electric Charg  Tloc/Air       50%        N/A       80%         4
f - Apportation           Tloc           86%        N/A       1%          1
g - Lesser Beckoning      Tloc           86%        N/A       2%          2
h - Passage of Golubria   Tloc           43%        N/A       14%         4
i - Dimensional Bullseye  Hex/Tloc       11%        N/A       87%         4

Your spell library contained the following spells:

 Spells                   Type           Power      Damage    Failure   Level
 Momentum Strike          Conj/Tloc      60%        3d9       11%         2
 Volatile Blastmotes      Fire/Tloc      46%        2d13      47%         3
 Sting                    Conj/Alch      48%        1d6       56%         1
 Iskenderun's Mystic Bla  Conj/Tloc      30%        2d8       58%         4
 Static Discharge         Conj/Air       24%        3-4/arc   71%         2
 Mercury Vapours          Alch/Air       12%        N/A       89%         2
 Necrotise                Necr           12%        1d4       91%         1
 Sandblast                Erth           6%         2d5       91%         1
 Slow                     Hex            12%        N/A       91%         1
 Cigotuvi's Dreadful Rot  Necr/Alch/Air  10%        N/A       93%         2
 Dazzling Flash           Conj/Hex       20%        N/A       95%         3
 Mephitic Cloud           Conj/Alch/Air  10%        N/A       95%         3
 Stone Arrow              Conj/Erth      20%        3d8       95%         3
 Ensorcelled Hibernation  Hex/Ice        6%         N/A       97%         2
 Scorch                   Fire           6%         2d5       97%         2
 Sublimation of Blood     Necr           3%         N/A       97%         2
 Swiftness                Air            6%         N/A       98%         3
 Passwall                 Erth           3%         N/A       99%         3
 Airstrike                Air            3%         2d(1-17)  100%        4
 Anguish                  Hex/Necr       1%         N/A       100%        4
 Brom's Barrelling Bould  Conj/Erth      10%        2d3       100%        4
 Cause Fear               Hex            1%         N/A       100%        4
 Fulminant Prism          Conj/Alch      6%         3d6       100%        4
 Alistair's Intoxication  Alch           4%         N/A       100%        5
 Arcjolt                  Conj/Air       6%         1d16      100%        5
 Borgnjor's Vile Clutch   Necr/Erth      1%         N/A       100%        5
 Curse of Agony           Necr           3%         N/A       100%        5
 Fireball                 Conj/Fire      5%         3d5       100%        5
 Freezing Cloud           Conj/Ice/Air   4%         6-21      100%        5
 Irradiate                Conj/Alch      6%         3d13      100%        5
 Silence                  Hex/Air        2%         N/A       100%        5
 Yara's Violent Unravell  Hex/Alch       2%         3d3       100%        5
 Bombard                  Conj/Erth      5%         9d2       100%        6
 Eringya's Noxious Bog    Alch           3%         4d6       100%        6
 Starburst                Conj/Fire      5%         6d4       100%        6
 Enfeeble                 Hex            1%         N/A       100%        7
 Orb of Destruction       Conj           8%         9d6       100%        7
 Lehudib's Crystal Spear  Conj/Erth      5%         10d3      100%        8
 Maxwell's Capacitive Co  Air            3%         ∞         100%        8
 Summon Small Mammal      Summ           Unusable   N/A       N/A         1
 Call Imp                 Summ           Unusable   N/A       N/A         2
 Tukima's Dance           Hex            Unusable   N/A       N/A         3
 Summon Blazeheart Golem  Fire/Summ      Unusable   N/A       N/A         4
 Summon Lightning Spire   Summ/Air       Unusable   N/A       N/A         4
 Spellforged Servitor     Conj/Summ      Unusable   N/A       N/A         7
 Summon Hydra             Summ           Unusable   N/A       N/A         7

Dungeon Overview and Level Annotations

Branches:
Dungeon (15/15)            Temple (1/1) D:4            Lair (5/5) D:11
 Shoals (4/4) Lair:2       Spider (4/4) Lair:2        Slime (5/5) Lair:4
    Orc (2/2) D:9             Elf (0/3) Orc:2        Vaults (4/5) D:14
  Crypt (0/3) Vaults:2     Depths (4/4) D:15            Zot (5/5) Depths:4
  IceCv (visited)

Altars:
Ashenzari
Cheibriados
Dithmenos
Elyvilon
Fedhas
Gozag
Hepliaklqana
Kikubaaqudgha
Makhleb
Nemelex Xobeh
Okawaru
Qazlal
Ru
Sif Muna
Trog
Uskayaw
Vehumet
Wu Jian
Xom
Yredelemnul
Zin
The Shining One
Jiyva
Lugonu

Shops:
Orc:2 :[*(   Depths:1 [   Depths:4 *

Portals:
Hell: Depths:1 Depths:2 Depths:3 Depths:4
Abyss: D:13 Depths:1 Depths:2 Depths:3 Depths:4
Pandemonium: Depths:4

Annotations:
D:2 1 runed translucent door, Crazy Yiuf
D:3 2 transporters
D:8 1 runed translucent door
D:13 2 transporters, puppykicker's ghost, journeyman HORe
Lair:4 2 transporters
Lair:5 exclusion: obsidian statue
Vaults:2 3 runed translucent doors, Getoffmy's ghost, veteran GrFi


Innate Abilities, Weirdness & Mutations

Armour fits poorly on your strangely shaped body.
You have extremely tough skin. (AC +3)
You have a long armoured tail.
You regenerate magic and health when rolling toward enemies. (Rampage Regen)
You have sharp toenails.
You are agile. (Dex +4, Str/Int -1)
You passively map a small area around you.
You are covered in fur. (AC +1)
You are resistant to electric shocks. (rElec)
You are weak. (Str -2)


Message History

The tormentor is severely wounded.
You block the tormentor's attack. x2
You bludgeon the tormentor!! You burn the tormentor.
You kill the tormentor!
Okawaru accepts your kill.
There is a stone staircase leading up here.
You fly upwards.
There is a stone staircase leading down here.
You see here a +0 flail.
Items here: )))).
There is a stone staircase leading up, spattered with blood here.
You fly upwards.
There is a stone staircase leading down, spattered with blood here.
You see here a +0 spear.
Things that are here:
a +0 scale mail; a +0 spear
Things that are here:
a +0 whip; a +0 club
There is a stone staircase leading up here.
You fly upwards.
There is a stone staircase leading down here.
There is a stone staircase leading up here.
You fly upwards.
There is a stone staircase leading down here.
There is an open door here.
There is a stone staircase leading up here.
You fly upwards.
Level annotation: 2 transporters
There is a stone staircase leading down here.
There is a stone staircase leading up here.
You fly upwards.
Level annotation: 1 runed translucent door, Crazy Yiuf
There is a stone staircase leading down here.
There is a stone staircase leading up here.
You fly upwards.
There is a stone staircase leading down here.
HP restored.
There is a large open door here.
There is a staircase leading out of the dungeon here.
You have escaped!

....##.#...#8......8#
#.##..##.#
....##..##.#≈......≈#
#..####..#
#######.##.#≈......§#
##......###
#....#.#≈.....§≈#
######....
#....#.#§.(88..≈#
#####
#....#.#§......≈#
#......#≈......≈#
#......#≈......≈#
#......#8...@..8#
#......##########
#..............##
#######.#######..##
#.......# ##..## #
#.####### ##..### ##
#.# ########...#
####. #.#
#..........### #....
#.# #..........÷.#
#....


There were no monsters in sight!

Vanquished Creatures
  the Royal Jelly (Slime:5)
  3 orbs of fire (Zot:5)
  Mennas (Depths:3)
  3 ancient liches (Zot:5)
  Mara (Vaults:4)
  2 juggernauts (Depths:4)
  Sojobo (Vaults:3)
  Bai Suzhen (Depths:1)
  A Killer Klown (Zot:5)
  A curse toe (Zot:1)
  3 caustic shrikes (Depths:4)
  10 golden dragons
  Norris (Depths:1)
  Arachne (Spider:4)
  3 electric golems
  A bone dragon (Depths:4)
  A Tzitzimitl (Depths:1)
  A hellephant (Depths:2)
  9 tentacled monstrosities
  Jorgrun (D:15)
  Rupert (D:12)
  A walking frostbound tome (Depths:3)
  A lich (Depths:3)
  Asterion (Depths:1)
  2 quicksilver dragons
  19 Orb Guardians
  A kraken (Shoals:1)
  A titan (Depths:1)
  7 sphinxes
  13 acid blobs
  An Executioner (D:8)
  4 death cobs
  Frances (D:12)
  An ancient champion (Vaults:2)
  8 storm dragons
  3 shadow dragons
  Gastronok (Lair:2)
  4 tengu reavers
  A draconian monk (Depths:4)
  3 protean progenitors (Zot:1)
  Aizul (Spider:2)
  Ilsuiw (Shoals:3)
  Donald (Spider:1)
  15 vault wardens
  8 azure jellies (Slime:5)
  4 draconian shifters
  4 frost giants
  14 rockslimes
  A draconian knight (Depths:4)
  3 fire giants
  6 ghost moths
  10 emperor scorpions
  4 draconian scorchers
  An iron dragon (Depths:3)
  Louise (Spider:4)
  11 ironbound preservers
  3 broodmothers (Spider:4)
  A spriggan defender (Depths:2)
  A reaper (Zot:4)
  5 orc warlords
  12 very ugly things
  10 quicksilver oozes
  3 draconian annihilators
  4 stone giants
  2 vampire knights
  3 formless jellyfish
  A deep elf death mage (Vaults:2)
  4 green draconians
  6 black draconians
  2 deep elf demonologists
  8 white draconians
  8 ironbound thunderhulks
  Nessos (D:15)
  6 purple draconians
  9 spark wasps
  21 dire elephants
  6 yellow draconians
  A war gargoyle (Vaults:3)
  5 red draconians (Depths:4)
  A crystal guardian (Vaults:3)
  A lorocyproca (Zot:5)
  7 merfolk javelineers (Shoals:4)
  2 blizzard demons
  10 ettins
  9 merfolk impalers
  Josephine (D:10)
  10 yaktaur captains
  4 fire dragons
  An entropy weaver (shapeshifter) (D:15)
  3 peacekeepers
  Harold (Lair:2)
  8 great orbs of eyes
  3 rakshasas
  8 vault guards
  Fannar (Lair:2)
  Erolcha (Orc:2)
  4 entropy weavers
  4 spriggan air magi
  6 ice dragons
  3 jorogumos
  4 hydras
  2 catoblepae
  2 ogre magi
  14 ironbound frosthearts
  6 boulder beetles
  A satyr (Shoals:3)
  2 radroaches
  4 merfolk aquamancers
  8 two-headed ogres
  9 demonic crawlers
  11 centaur warriors
  5 deep troll shamans
  15 death yaks
  3 spriggan berserkers
  2 death knights
  7 hell hogs
  A death scarab (Spider:4)
  2 tengu warriors
  2 vampire magi
  Urug (D:11)
  11 deep troll earth magi
  3 occultists
  3 orc high priests
  Sonja (Arena)
  A sun demon (Zot:4)
  A death drake (shapeshifter) (D:14)
  A spectral anaconda (Lair:5)
  A spectral death yak (Lair:5)
  A titan skeleton (Depths:2)
  6 skysharks
  15 iron trolls
  4 skeletal warriors (D:13)
  A sixfirhy (Depths:4)
  8 sea snakes
  Lodul (D:11)
  10 pharaoh ants
  35 deep trolls
  8 orb spiders
  5 flayed ghosts
  7 glowing orange brains
  A spark wasp zombie (Depths:2)
  A sun moth (Spider:3)
  Pikel (D:7)
  A deep elf archer (Vaults:2)
  5 arcanists
  8 steelbarb worms
  A deep elf pyromancer (D:10)
  6 necromancers
  9 orc knights
  18 harpies
  21 wolf spiders
  A tengu skeleton (Vaults:3)
  A phantasmal warrior (Vaults:3)
  7 lindwurms
  14 ironbound convokers
  45 ugly things
  A shining eye (shapeshifter) (Depths:3)
  4 orc sorcerers
  12 manticores
  4 shining eyes (Slime:5)
  17 moths of wrath
  8 fauns
  10 merfolk sirens
  A moth of wrath (shapeshifter) (D:14)
  A fire giant skeleton (Vaults:3)
  5 black mambas
  8 water nymphs
  27 elephants
  2 eyes of devastation
  7 cyclopes
  3 ice statues
  13 vault sentinels
  2 black mambas (shapeshifter)
  2 gargoyles
  9 torpor snails
  A kobold blastminer (Orc:2)
  16 cane toads
  A hellion (Depths:1)
  A human zombie (Vaults:3)
  3 dire elephant skeletons (Lair:5)
  30 yaktaurs
  13 komodo dragons
  2 freezing wraiths
  2 kobold demonologists
  7 rime drakes
  2 tormentors
  An efreet (D:13)
  4 tengu conjurers
  A golden dragon simulacrum (Depths:2)
  35 merfolk
  10 trolls
  A polar bear (shapeshifter) (D:13)
  10 polar bears
  4 glass eyes
  11 snapping turtles
  A tarantella (shapeshifter) (D:15)
  16 blink frogs
  10 wind drakes
  8 hornets
  31 tarantellas
  31 jumping spiders
  15 culicivoras
  A blink frog (shapeshifter) (Spider:1)
  A centaur simulacrum (D:11)
  3 shadows
  74 slime creatures
  9 wraiths
  A vampire (D:14)
  7 spriggans
  13 water elementals
  6 wyverns
  58 yaks
  6 golden eyes (Slime:1)
  6 basilisks
  3 wargs
  46 redbacks
  8 vampire mosquitoes (D:15)
  A swamp worm (shapeshifter) (Vaults:1)
  A spectral cane toad (Lair:5)
  Duvessa (D:5)
  3 acid dragons
  16 water moccasins
  A meliai simulacrum (D:14)
  A black bear (shapeshifter) (D:13)
  2 laughing skulls (D:15)
  17 orc warriors
  2 sky beasts
  An elephant zombie (Lair:5)
  An ogre (shapeshifter) (D:15)
  A black bear (Lair:3)
  4 ice beasts
  18 ogres
  27 wolves
  3 elephant skeletons (Lair:5)
  3 boggarts (D:14)
  4 centaurs
  9 kobold brigands
  A phantom (D:5)
  Blork the orc (D:4)
  14 bullfrogs
  3 scorpions
  4 gnoll sergeants
  2 cane toad simulacra
  12 wights
  A hornet simulacrum (D:15)
  Dowan (D:5)
  2 elephant simulacra
  11 killer bees
  2 vampire bats (Lair:5)
  9 electric eels
  2 howler monkeys (D:9)
  2 bombardier beetles
  2 hounds
  2 gnoll boudas
  11 orc priests
  A jelly (D:7)
  Jessica (D:3)
  2 sleepcaps
  An iguana (shapeshifter) (D:15)
  4 iguanas
  18 orc wizards
  A spriggan simulacrum (D:11)
  Natasha (D:4)
  A polar bear simulacrum (IceCv)
  A wolf simulacrum (IceCv)
  A boggart simulacrum (D:11)
  Robin (D:3)
  29 gnolls
  A naga simulacrum (D:11)
  10 adders
  A shadow imp (D:4)
  2 white imps (D:7)
  2 ufetubi
  2 dart slugs
  A ribbon worm (D:2)
  44 orcs
  11 bats
  5 endoplasms
  5 giant cockroaches
  16 goblins
  18 hobgoblins
  4 quokkas
  3 ball pythons
  3 frilled lizards
  36 kobolds
  6 rats
  2 aspiring fleshes (Zot:1)
  A butterfly (Lair:1)
  5 tentacles (Shoals:1)
1862 creatures vanquished.

Vanquished Creatures (collateral kills)
  A draconian monk (Zot:5)
  A black draconian (Zot:5)
  A purple draconian (Zot:5)
  2 elephants (Lair:3)
  A merfolk (Shoals:2)
  A scorpion (D:5)
  An adder (D:2)
  An endoplasm (D:1)
  3 goblins
  A kobold (D:3)
13 creatures vanquished.

Vanquished Creatures (others)
  An ironbound preserver (Vaults:2)
  A green draconian (Zot:5)
  A merfolk aquamancer (Shoals:2)
  A centaur warrior (Vaults:2)
  3 deep trolls (Vaults:2)
  2 ugly things (IceCv)
  A wolf spider (Spider:2)
  A merfolk (Shoals:4)
  A redback (Spider:2)
  2 orc wizards
  4 tentacles (Shoals:1)
18 creatures vanquished.

Grand Total: 1893 creatures vanquished

Notes
Turn   | Place    | Note
-------+----------+-------------------------------------------
     0 | D:1      | RBrandon the Armataur Hedge Wizard began the quest for the
                  | Orb.
     0 | D:1      | Reached XP level 1. HP: 14/14 MP: 4/4
   309 | D:1      | Reached XP level 2. HP: 9/20 MP: 1/6
   583 | D:1      | Learned a level 2 spell: Blink
   586 | D:1      | Learned a level 2 spell: Call Imp
   982 | D:2      | Learned a level 2 spell: Cigotuvi's Dreadful Rot
  1010 | D:2      | Reached skill level 1 in Conjurations
  1010 | D:2      | Reached XP level 3. HP: 24/26 MP: 4/8
  1510 | D:2      | Reached XP level 4. HP: 27/33 MP: 5/9
  1616 | D:2      | Found a runed translucent door.
  1617 | D:2      | Noticed Crazy Yiuf
  2254 | D:2      | Found a faded altar of an unknown god.
  2393 | D:2      | Learned a level 3 spell: Mephitic Cloud
  2712 | D:3      | Reached XP level 5. HP: 32/38 MP: 3/10
  2760 | D:3      | Reached skill level 1 in Air Magic
  2760 | D:3      | Reached skill level 1 in Alchemy
  3108 | D:3      | Found a stormy altar of Qazlal.
  3109 | D:3      | Found a glowing silver altar of Zin.
  3109 | D:3      | Found a shimmering blue altar of Sif Muna.
  3111 | D:3      | Found a transporter.
  3125 | D:3      | Found a transporter.
  3501 | D:3      | Noticed Robin
  3511 | D:3      | Noticed Jessica
  3528 | D:3      | Killed Jessica
  3531 | D:3      | Killed Robin
  3544 | D:3      | Reached XP level 6. HP: 38/46 MP: 1/11
  3753 | D:4      | Reached skill level 1 in Fighting
  4080 | D:4      | Found a staircase to the Ecumenical Temple.
  4083 | D:4      | Noticed Blork the orc
  4098 | D:4      | Killed Blork the orc
  4125 | Temple   | Entered the Ecumenical Temple
  4133 | Temple   | Became a worshipper of Warmaster Okawaru
  4731 | D:4      | Noticed Natasha
  4736 | D:4      | Killed Natasha
  4737 | D:4      | Reached skill level 1 in Throwing
  4941 | D:5      | Entered Level 5 of the Dungeon
  5071 | D:5      | Reached skill level 1 in Short Blades
  5071 | D:5      | Gained mutation: You regenerate magic and health when
                  | rolling toward enemies. (Rampage Regen) [Armataur growth]
  5071 | D:5      | Reached XP level 7. HP: 56/56 MP: 3/12
  5117 | D:5      | Reached * piety under Okawaru
  5178 | D:5      | Noticed Dowan
  5179 | D:5      | Noticed Duvessa
  5202 | D:5      | Killed Duvessa
  5210 | D:5      | Killed Dowan
  5338 | D:5      | Identified the +13 plate armour "Voefos" {Str+4 Dex+2
                  | Stlth+}
  5644 | D:5      | Reached skill level 1 in Invocations
  5644 | D:5      | Reached XP level 8. HP: 62/62 MP: 13/13
  5888 | D:6      | Reached skill level 1 in Armour
  6079 | D:6      | Reached ** piety under Okawaru
  6098 | D:6      | Found the +5 robe of Misfortune {Harm *Corrode *Slow EV+5}
  6223 | D:6      | You fall into a shaft and drop 1 floor!
  6927 | D:7      | Noticed Pikel
  7148 | D:7      | Reached XP level 9. HP: 61/68 MP: 14/14
  7157 | D:7      | Reached skill level 5 in Throwing
  7209 | D:7      | Killed Pikel
  7209 | D:7      | Reached *** piety under Okawaru
  7210 | D:7      | Reached skill level 1 in Shields
  7292 | D:7      | Reached skill level 5 in Armour
  7817 | D:8      | Reached skill level 5 in Invocations
  7876 | D:8      | Reached **** piety under Okawaru
  7911 | D:8      | Noticed a gargoyle
  8041 | D:8      | Found a runed translucent door.
  8045 | D:8      | Noticed a kobold demonologist
  8045 | D:8      | Noticed a kobold demonologist
  8046 | D:8      | Noticed a kobold demonologist
  8047 | D:8      | Noticed a sun demon
  8190 | D:8      | Noticed a red devil
  8193 | D:8      | Noticed a smoke demon
  8196 | D:8      | Noticed a soul eater
  8336 | D:8      | Noticed a hellwing
  8358 | D:9      | Found a staircase to the Orcish Mines.
  8506 | D:9      | Reached XP level 10. HP: 78/78 MP: 15/15
  8949 | D:9      | Found an ancient bone altar of Kikubaaqudgha.
  9345 | D:10     | Entered Level 10 of the Dungeon
  9423 | D:10     | Reached ***** piety under Okawaru
  9596 | D:8      | Noticed a smoke demon
  9728 | D:10     | Noticed a gargoyle
  9737 | D:10     | Reached skill level 1 in Maces & Flails
  9741 | D:10     | Killed a gargoyle
  9938 | D:10     | Noticed a deep elf pyromancer
  9955 | D:10     | Killed a deep elf pyromancer
 10214 | D:10     | Reached XP level 11. HP: 84/84 MP: 16/16
 10416 | D:10     | Identified the +1 leather armour of Xushetad {Str+3}
 10552 | D:10     | Noticed Josephine
 10560 | D:10     | Killed Josephine
 10561 | D:10     | Reached skill level 5 in Maces & Flails
 10899 | D:11     | Noticed Urug
 10906 | D:11     | Killed Urug
 10932 | D:11     | Noticed Lodul
 10949 | D:11     | HP: 3/85 [ogre/+0 giant spiked club[Lodul] (13)]
 10950 | D:11     | Noticed a boulder beetle
 10952 | D:11     | Noticed a red ugly thing
 10954 | Arena    | Entered the Arena
 11007 | D:11     | Killed a red ugly thing
 11156 | D:11     | Noticed a two-headed ogre
 11166 | D:11     | Killed a two-headed ogre
 11196 | D:11     | Killed a boulder beetle
 11196 | D:11     | Received a gift from Okawaru
 11223 | D:11     | Found a frozen archway.
 11237 | D:11     | Noticed Sonja
 11253 | Arena    | Entered the Arena
 11264 | Arena    | Killed Sonja
 11284 | D:11     | Killed Lodul
 11322 | IceCv    | Entered an ice cave
 11322 | IceCv    | Noticed a white ugly thing
 11328 | IceCv    | Reached XP level 12. HP: 93/93 MP: 17/17
 11333 | IceCv    | Found a transporter.
 11344 | IceCv    | Found a transporter.
 11354 | IceCv    | Identified the +0 helmet of Xuneom {rPois Slay+4 SInv}
 11368 | IceCv    | Reached skill level 5 in Fighting
 11682 | D:11     | Found a staircase to the Lair.
 11694 | Lair:1   | Entered Level 1 of the Lair of Beasts
 11915 | Lair:1   | Reached skill level 10 in Maces & Flails
 12359 | Lair:1   | You fall into a shaft and drop 1 floor!
 12359 | Lair:2   | Noticed Gastronok
 12372 | Lair:2   | Killed Gastronok
 12511 | Lair:2   | Noticed a death yak
 12521 | Lair:2   | Received a gift from Okawaru
 12533 | Lair:2   | Noticed a death yak
 12542 | Lair:2   | Noticed a death yak
 12543 | Lair:2   | Noticed a death yak
 12545 | Lair:2   | Noticed a death yak
 12545 | Lair:2   | Noticed a death yak
 12550 | Lair:2   | Killed a death yak
 12553 | Lair:2   | Killed a death yak
 12557 | Lair:2   | Killed a death yak
 12558 | Lair:2   | Reached XP level 13. HP: 103/103 MP: 16/20
 12823 | Lair:2   | Reached skill level 10 in Invocations
 13006 | Lair:2   | Noticed Harold
 13014 | Lair:2   | Killed Harold
 13196 | Lair:2   | Noticed Fannar
 13211 | Lair:2   | Killed Fannar
 13298 | Lair:2   | Found a hole to the Spider Nest.
 13475 | Lair:2   | Found a staircase to the Shoals.
 13504 | Lair:2   | Received a gift from Okawaru
 13804 | Lair:3   | Reached skill level 5 in Shields
 13936 | Lair:3   | Received a gift from Okawaru
 14259 | Lair:4   | Found a transporter.
 14371 | Lair:4   | Reached XP level 14. HP: 108/114 MP: 22/22
 15323 | Lair:4   | Found a staircase to the Slime Pits.
 15330 | Lair:4   | Found a transporter.
 15445 | Lair:5   | Entered Level 5 of the Lair of Beasts
 15455 | Lair:5   | Received a gift from Okawaru
 15801 | Lair:5   | Reached skill level 10 in Armour
 16001 | Lair:5   | Reached ****** piety under Okawaru
 16002 | Lair:5   | Acquired a +6 morningstar of draining
 16002 | Lair:5   | Received a gift from Okawaru
 16030 | Lair:5   | Received a gift from Okawaru
 16040 | Lair:5   | Acquired a +2 barding of flying
 16040 | Lair:5   | Received a gift from Okawaru
 16604 | Lair:5   | Received a gift from Okawaru
 16814 | Lair:5   | Identified the +0 flail of the Kidney {heavy, Dex+2}
 17175 | Lair:5   | Reached XP level 15. HP: 123/123 MP: 23/23
 17756 | Orc:1    | Entered Level 1 of the Orcish Mines
 17835 | Orc:1    | Received a gift from Okawaru
 17960 | Orc:2    | Entered Level 2 of the Orcish Mines
 18068 | Orc:2    | Found Eblevuy's Antique Armour Boutique.
 18087 | Orc:2    | Found Ujil's General Store.
 18101 | Orc:2    | Found Peukk's Book Boutique.
 18121 | Orc:2    | Found Guadixt's Antique Weapon Boutique.
 18183 | Orc:2    | Bought a scroll of acquirement for 728 gold pieces
 18183 | Orc:2    | Bought a scroll of enchant armour for 105 gold pieces
 18184 | Orc:2    | Bought a scroll of teleportation for 42 gold pieces
 18185 | Orc:2    | Acquired a manual of Fighting
 18360 | Orc:2    | Found a staircase to the Elven Halls.
 18386 | Orc:2    | Noticed Erolcha
 18398 | Orc:2    | Killed Erolcha
 19015 | D:12     | Noticed Rupert
 19026 | D:12     | Killed Rupert
 19242 | D:12     | Noticed Frances
 19269 | D:12     | Killed Frances
 19682 | D:12     | Identified the -1 cloak of Poitacoa {rC+}
 19782 | D:13     | Received a gift from Okawaru
 19804 | D:13     | Reached skill level 10 in Fighting
 20440 | D:13     | Identified the +3 robe "Qaska" {Dex+4}
 20558 | D:13     | Noticed puppykicker's ghost (journeyman HORe)
 20569 | D:13     | Found a one-way gate to the infinite horrors of the Abyss.
 20586 | D:13     | Found a transporter.
 20604 | D:13     | Found a transporter.
 21420 | D:14     | Reached skill level 10 in Throwing
 21876 | D:14     | Received a gift from Okawaru
 21889 | D:14     | Found a gate to the Vaults.
 22138 | D:15     | Entered Level 15 of the Dungeon
 22204 | D:15     | Reached XP level 16. HP: 136/137 MP: 24/24
 22205 | D:15     | Found a staircase to the Depths.
 22367 | D:15     | Noticed Nessos
 22373 | D:15     | Killed Nessos
 22831 | D:15     | Received a gift from Okawaru
 23200 | D:15     | Noticed Jorgrun
 23219 | D:15     | Killed Jorgrun
 23256 | D:15     | Found a sacrificial altar of Ru.
 23528 | Shoals:1 | Entered Level 1 of the Shoals
 23605 | Shoals:1 | Reached skill level 15 in Maces & Flails
 23644 | Shoals:1 | Noticed a kraken
 23671 | Shoals:1 | Killed a kraken
 24620 | Shoals:2 | Received a gift from Okawaru
 25067 | Shoals:2 | Received a gift from Okawaru
 25546 | Shoals:3 | Noticed Ilsuiw
 25567 | Shoals:3 | Killed Ilsuiw
 25708 | Shoals:3 | Received a gift from Okawaru
 26352 | Shoals:4 | Entered Level 4 of the Shoals
 26553 | Shoals:4 | Reached XP level 17. HP: 151/151 MP: 25/25
 26689 | Shoals:4 | Reached skill level 15 in Fighting
 26699 | Shoals:4 | Received a gift from Okawaru
 26715 | Shoals:4 | Got a barnacled rune of Zot
 26948 | Shoals:4 | Identified the +4 dagger of Ythry Bea {freeze, Fly}
 27134 | Shoals:4 | Learned a level 1 spell: Apportation
 27137 | Shoals:4 | Learned a level 2 spell: Lesser Beckoning
 27142 | Shoals:4 | Learned a level 4 spell: Passage of Golubria
 27147 | Shoals:4 | Learned a level 4 spell: Dimensional Bullseye
 27534 | Spider:1 | Entered Level 1 of the Spider Nest
 27591 | Spider:1 | Identified the +0 kite shield "Neevvoda" {^Contam Harm MP+9
                  | SInv}
 27591 | Spider:1 | Noticed Donald
 27601 | Spider:1 | Reached skill level 5 in Translocations
 27609 | Spider:1 | Killed Donald
 27980 | Spider:1 | Reached skill level 10 in Shields
 28166 | Spider:1 | Reached skill level 5 in Dodging
 28502 | Spider:2 | Received a gift from Okawaru
 29127 | Spider:2 | Identified the serpent talisman of Delupy Bank {Str-3 Int+6
                  | Dex+4}
 29127 | Spider:2 | Noticed Aizul
 29145 | Spider:2 | Killed Aizul
 29146 | Spider:2 | Reached XP level 18. HP: 51/162 MP: 26/26
 30323 | Spider:3 | Received a gift from Okawaru
 30976 | Spider:3 | Got the Almanac of the Fifth Circle
 31076 | Spider:4 | Entered Level 4 of the Spider Nest
 31143 | Spider:4 | Noticed Arachne
 31180 | Spider:4 | Killed Arachne
 31358 | Spider:4 | Noticed Louise
 31376 | Spider:4 | Killed Louise
 31851 | Spider:4 | Received a gift from Okawaru
 31860 | Spider:4 | Reached skill level 15 in Armour
 32278 | Spider:4 | Identified the scarf "Lofoeker" {harm, Str+3 Dex+2}
 32289 | Spider:4 | Got a gossamer rune of Zot
 32651 | Vaults:1 | Entered Level 1 of the Vaults
 32861 | Vaults:1 | Received a gift from Okawaru
 32995 | Vaults:1 | Identified the +8 dagger of Ignis's Hope {flame, *Noise rN+
                  | Will+ SInv}
 33270 | Vaults:1 | Reached XP level 19. HP: 147/172 MP: 27/27
 33816 | Vaults:1 | Paralysed by a formless jellyfish for 1 turns
 34059 | Vaults:1 | Received a gift from Okawaru
 34793 | Vaults:2 | Found a runed translucent gate.
 34793 | Vaults:2 | Found a runed translucent gate.
 34793 | Vaults:2 | Found a runed translucent gate.
 34794 | Vaults:2 | Noticed Getoffmy's ghost (veteran GrFi)
 34982 | Vaults:2 | Received a gift from Okawaru
 35188 | Vaults:2 | Found a staircase to the Crypt.
 35771 | Vaults:2 | Found an iron altar of Okawaru.
 35889 | Vaults:3 | Received a gift from Okawaru
 36025 | Vaults:3 | Found a flickering gateway to a bazaar.
 36038 | Bazaar   | Entered a bazaar
 36038 | Bazaar   | Found Wepnelot's General Store.
 36038 | Bazaar   | Found Ligaeg's General Store.
 36045 | Bazaar   | Bought a scroll of enchant armour for 45 gold pieces
 36059 | Bazaar   | Found Nyalathu's General Store.
 36059 | Bazaar   | Found Murakug's General Store.
 36066 | Bazaar   | Bought a scroll of teleportation for 33 gold pieces
 36070 | Bazaar   | Bought a scroll of teleportation for 27 gold pieces
 36070 | Bazaar   | Bought a potion of enlightenment for 45 gold pieces
 36081 | Bazaar   | Found Jekhixua's General Store.
 36081 | Bazaar   | Found Qetagan's General Store.
 36103 | Bazaar   | Found Haforof's General Store.
 36103 | Bazaar   | Found Yhared's General Store.
 36114 | Bazaar   | Bought a potion of haste for 80 gold pieces
 36114 | Bazaar   | Bought a scroll of teleportation for 24 gold pieces
 36118 | Bazaar   | Bought a potion of invisibility for 128 gold pieces
 36136 | Bazaar   | Bought a potion of experience for 500 gold pieces
 36140 | Bazaar   | Bought the amulet "Feiwiyn" {Faith Will+} for 736 gold
                  | pieces
 36152 | Bazaar   | Bought a scroll of teleportation for 42 gold pieces
 36156 | Bazaar   | Bought a scroll of teleportation for 30 gold pieces
 36156 | Bazaar   | Bought a scroll of fog for 40 gold pieces
 36160 | Bazaar   | Bought a scroll of revelation for 75 gold pieces
 36180 | Bazaar   | Bought a potion of might for 32 gold pieces
 36180 | Bazaar   | Bought a potion of invisibility for 64 gold pieces
 36180 | Bazaar   | Bought a potion of mutation for 64 gold pieces
 36184 | Bazaar   | Bought a potion of might for 64 gold pieces
 36576 | Vaults:3 | Reached XP level 20. HP: 112/182 MP: 28/28
 37023 | Vaults:3 | Received a gift from Okawaru
 37439 | Vaults:3 | Noticed Sojobo
 37443 | Arena    | Entered the Arena
 37472 | Vaults:3 | Killed Sojobo
 37643 | Vaults:3 | Reached skill level 15 in Shields
 37681 | Vaults:3 | Received a gift from Okawaru
 37687 | Vaults:3 | Reached skill level 10 in Translocations
 37687 | Vaults:3 | Reached XP level 21. HP: 190/190 MP: 29/29
 37688 | Vaults:3 | Reached XP level 22. HP: 198/198 MP: 30/30
 37968 | Vaults:3 | You are sucked into a shaft and drop 1 floor!
 38013 | Vaults:4 | Noticed Mara
 38080 | Vaults:4 | Noticed RBrandon's illusion
 38085 | Vaults:4 | Noticed RBrandon's illusion
 38333 | Vaults:4 | Noticed RBrandon's illusion
 38336 | Vaults:4 | Killed Mara
 39072 | Vaults:4 | Received a gift from Okawaru
 40077 | Slime:1  | Entered Level 1 of the Pits of Slime
 40084 | Slime:1  | Paralysed by a formless jellyfish for 1 turns
 40440 | Slime:5  | Entered Level 5 of the Pits of Slime
 40550 | Slime:5  | Received a gift from Okawaru
 40566 | Slime:5  | Found a viscous altar of Jiyva.
 40619 | Slime:5  | Gained mutation: You are clumsy. (Dex -2) [a shining eye]
 40756 | Slime:5  | Reached XP level 23. HP: 206/206 MP: 31/31
 40843 | Slime:5  | Noticed the Royal Jelly
 40859 | Slime:5  | Killed the Royal Jelly
 40945 | Slime:5  | Got a slimy rune of Zot
 40949 | Slime:5  | Got Wimmavau's Vellum of Energetic Combustion
 40963 | Slime:5  | Learned a level 4 spell: Vhi's Electric Charge
 40976 | Slime:5  | Identified the +1 buckler of the Demon Prince {Fly Str+3}
 40986 | Slime:5  | Identified the ring "Ipobbalics" {rF+ rC+}
 41076 | Slime:5  | Identified the +5 dagger "Giantbane" {freeze, rPois rN+
                  | SInv}
 41081 | Slime:5  | Identified the +9 spear of the Jolly Seers {venom, rElec
                  | Str-5 SInv}
 41117 | Slime:5  | Identified the +2 whip of Xinu {antimagic, rN+ Will+
                  | Stlth-}
 41257 | Slime:5  | Received a gift from Okawaru
 41501 | Depths:1 | Entered Level 1 of the Depths
 41554 | Depths:1 | Noticed Norris
 41566 | Depths:1 | Killed Norris
 41687 | Depths:1 | Noticed Asterion
 41705 | Depths:1 | Killed Asterion
 41850 | Depths:1 | You are sucked into a shaft and drop 1 floor!
 41888 | Depths:1 | Found a radiant altar of Vehumet.
 42029 | Depths:1 | Noticed Bai Suzhen
 42036 | Depths:1 | Reached skill level 1 in Evocations
 42041 | Depths:1 | Killed Bai Suzhen
 42112 | Depths:1 | Received a gift from Okawaru
 42194 | Depths:1 | Found Qaffa's Armour Shoppe.
 42236 | Depths:1 | Reached skill level 5 in Evocations
 42601 | Depths:1 | Found a gateway to Hell.
 42603 | Depths:1 | Identified the +8 long sword "Meitwovy" {freeze, Int+4}
 42633 | Depths:1 | Identified the staff of Generosity {rElec rN+ Necro}
 43892 | Depths:3 | Found the ring of the Tortoise {AC+8}
 43961 | Depths:3 | Found a corrupted altar of Lugonu.
 44098 | Depths:3 | Noticed Mennas
 44099 | Depths:3 | Received a gift from Okawaru
 44137 | Depths:3 | Killed Mennas
 44319 | Depths:3 | Identified the ring of Xabbumn {^Drain rC+ Int+2 SInv}
 45146 | Depths:4 | Entered Level 4 of the Depths
 45180 | Depths:4 | Noticed a juggernaut
 45192 | Depths:4 | Killed a juggernaut
 45254 | Depths:4 | Reached XP level 24. HP: 113/215 MP: 34/34
 45262 | Depths:4 | Reached skill level 15 in Invocations
 45866 | Depths:4 | Received a gift from Okawaru
 46072 | Depths:4 | Noticed a juggernaut
 46083 | Depths:4 | Killed a juggernaut
 46275 | Depths:4 | Found Tunn's Tempting Trifles.
 46527 | Depths:4 | Found a gate to the Realm of Zot.
 46537 | Zot:1    | Entered Level 1 of the Realm of Zot
 48670 | Depths:4 | Found a one-way gate leading to the halls of Pandemonium.
 49372 | Zot:1    | Received a gift from Okawaru
 49815 | Zot:2    | Lost mutation: You are clumsy. (Dex -2) [potion of
                  | mutation]
 49815 | Zot:2    | Gained mutation: You are dopey. (Int -2) [potion of
                  | mutation]
 49815 | Zot:2    | Gained mutation: You occasionally lose the ability to read
                  | scrolls when taking damage. [potion of mutation]
 49815 | Zot:2    | Gained mutation: You are covered in fur. (AC +1) [potion of
                  | mutation]
 49816 | Zot:2    | Lost mutation: You occasionally lose the ability to read
                  | scrolls when taking damage. [potion of mutation]
 49816 | Zot:2    | Lost mutation: You are dopey. (Int -2) [potion of mutation]
 49816 | Zot:2    | Gained mutation: You have sharp toenails. [potion of
                  | mutation]
 49816 | Zot:2    | Gained mutation: You passively map a small area around you.
                  | [potion of mutation]
 49816 | Zot:2    | Gained mutation: You are agile. (Dex +4, Str/Int -1)
                  | [potion of mutation]
 50119 | Zot:5    | Entered Level 5 of the Realm of Zot
 50427 | Zot:5    | Noticed an orb of fire
 50428 | Zot:5    | Reached XP level 25. HP: 219/223 MP: 35/36
 50430 | Zot:5    | Gained mutation: You are weak. (Str -2) [an orb of fire]
 50431 | Zot:5    | Gained mutation: You are resistant to electric shocks.
                  | (rElec) [an orb of fire]
 50442 | Zot:5    | Killed an orb of fire
 50492 | Zot:5    | Noticed an ancient lich
 50516 | Zot:5    | Killed an ancient lich
 50520 | Zot:5    | Noticed an ancient lich
 50531 | Zot:5    | Noticed an orb of fire
 50536 | Zot:5    | Killed an ancient lich
 50539 | Zot:5    | Noticed a Killer Klown
 50540 | Zot:5    | Killed an orb of fire
 50545 | Zot:5    | Received a gift from Okawaru
 50550 | Zot:5    | Killed a Killer Klown
 50560 | Zot:5    | Noticed an ancient lich
 50568 | Zot:5    | Killed an ancient lich
 50576 | Zot:5    | Noticed an orb of fire
 50581 | Zot:5    | Reached skill level 10 in Evocations
 50585 | Zot:5    | Killed an orb of fire
 50833 | Zot:5    | Got the Orb of Zot
 50993 | Zot:4    | Noticed Poudatwu the pandemonium lord
 51499 | D:$      | Escaped with the Orb!

Illustrated notes

Levels and vault maps discovered:
D:1:      lightli_arrival_noodles, layout_basic, minmay_close_crescents
D:2:      layout_loops_ring, shapermc_ecumenical_altar_flowoftime, hex_tiny,
          hangedman_abyss_or_decor_lesser_grid, uniq_crazy_yiuf_cottage
D:3:      layout_loops_ring, gammafunk_temple_overflow_arena,
          minmay_fractal_squares_diagonal_5, uniq_jessica, uniq_robin
D:4:      layout_loops_corners, temple_pool_b, serial_demonic, serial_demonic_f,
          serial_demonic_e, serial_demonic_g, serial_demonic_b, chequers_jeans,
          uniq_blork_the_orc, uniq_natasha
D:5:      layout_rooms, uniq_duvessa
D:6:      layout_basic
D:7:      layout_rooms, uniq_pikel
D:8:      layout_basic, ebering_ghost_inner_flame
D:9:      layout_irregular_city, mainiacjoe_overflow_alcove_4, orc_0_dummy
D:10:     layout_basic, billiards_dpeg, uniq_josephine
D:11:     layout_cave_pools, david_lair_shrubbed, serial_ice, serial_ice_l,
          serial_ice_f, serial_ice_c, serial_ice_g, serial_ice_o, serial_ice_b,
          serial_ice_m, serial_ice_a, serial_ice_h, serial_ice_e,
          portal_ice_cave_entry_ice_simulacra, uniq_sonja, uniq_lodul, uniq_urug
D:12:     layout_roguey, uniq_frances, uniq_rupert
D:13:     wad_guarded_room, layout_rooms, gammafunk_ghost_abyssal_escape,
          chequers_serial_rivers_small_3, minmay_crystal_water,
          kennysheep_flooded_box
D:14:     layout_roguey, david_vaults_4, minmay_hedge_maze
D:15:     hangedman_depths_entry_civil_slaughter, layout_layer_cave,
          hangedman_ru_absence, uniq_nessos, uniq_jorgrun
Temple:   nicolae_temple_no_exploring_needed
Lair:1:   layout_hall_layers, gammafunk_ghost_necromancy, lemuel_fruit_fields
Lair:2:   layout_gridlike, elwin_shoals_entry_stream, dummy_spider_entry,
          minivault_25, minmay_holes, minivault_24, lemuel_fruit_fields,
          uniq_fannar, uniq_harold, uniq_gastronok
Lair:3:   layout_big_grid, infiniplex_staircase_pool_2
Lair:4:   gammafunk_cloud_chamber, layout_regular_city, slime_entry_1,
          nicolae_quartered_pool_little, amcnicky_mini_pool_medium,
          lemuel_fruit_fields
Lair:5:   due_jungle_book, layout_long_grid, serial_bayou, serial_bayou_pond_e,
          serial_bayou_shore_b, serial_bayou_pond_a, serial_bayou_pond_a,
          serial_bayou_crossing, serial_bayou_lake_a, roderic_batcave,
          lemuel_fruit_tree
Shoals:1: layout_shoals, nicolae_shoals_cliffside_cave
Shoals:2: layout_shoals
Shoals:3: layout_shoals, uniq_ilsuiw
Shoals:4: shoals_end_simple, layout_shoals
Spider:1: layout_spider_delve, nicolae_spider_webs_and_nodes, drop_trap,
          hellmonk_deceptive_appearances, uniq_donald
Spider:2: layout_spider_delve, uniq_aizul
Spider:3: layout_chambers
Spider:4: guppyfry_spider_rune, nicolae_spider_claw_tunnel, uniq_louise,
          uniq_arachne
Slime:1:  layout_caves, cheibrodos_slime_lost_civilization_6
Slime:2:  layout_caves
Slime:3:  layout_caves
Slime:4:  layout_caves
Slime:5:  slime_pit_nicolae_block_by_block
Orc:1:    layout_diamond_mine
Orc:2:    grunt_orc_cross, layout_caves, mines4_lemuel, uniq_erolcha
Vaults:1: hangedman_vaults_stagger, nicolae_vaults_closet_pinwheel_2,
          nicolae_vaults_little_guard_posts, v_misc_3, dpeg_vaults_monster_row,
          nicolae_vaults_alarming, nicolae_vaults_turnstiles,
          ontoclasm_vaults_decontamination, layout_vaults_quadrants
Vaults:2: gammafunk_ghost_fury_of_okawaru, nicolae_vaults_lightning_bolt,
          nicolae_vaults_trapezoid_lopsided_3, nicolae_vaults_yaktaur_gun_rack,
          nicolae_vaults_storage_room_statues, v_misc_4,
          minmay_crypt_entry_simple_walls, v_misc_33,
          nicolae_vaults_storage_room_water, nicolae_vaults_bisected_inception,
          grunt_vaults_hallway_long, ontoclasm_vaults_gateway,
          layout_vaults_omnicross
Vaults:3: v_misc_15, cheibrodos_frozen_isle, ontoclasm_vaults_spin,
          vaults_room_door_ring, nicolae_vaults_closet_pinwheel_1,
          v_alt_pattern_5, nicolae_vaults_storage_closets_2, serial_ice_m,
          serial_ice_h, nicolae_vaults_offset_grid_hallway_3,
          nicolae_vaults_octothorpe, v_misc_18, minmay_orc_keep,
          vaults_room_semicircle, layout_vaults_omnibox, serial_shops,
          bzr_entry_customers, uniq_sojobo
Vaults:4: serial_library_hellmonk_angled_corner, nicolae_vaults_border_crossing,
          vaults_dpeg_hooks, nicolae_vaults_shipping_containers_4, v_pattern_2,
          hangedman_vaults_maws, nicolae_vaults_trapezoid_lopsided_4,
          grunt_vaults_funnel, v_misc_5, nicolae_vaults_ring_of_whatevers,
          nicolae_vaults_diagonal_hallway_8, ontoclasm_vaults_loading_screen,
          layout_vaults_chaotic_city, uniq_mara
Depths:1: minmay_the_grid_octo_triangle [minmay_the_grid_octo_empty,
          minmay_the_grid_octo_prize_star, minmay_the_grid_octo_odd_swirl],
          layout_basic, nrook_mini_vaults, serial_shops, shop, abyss_entry,
          hell_entry, nicolae_vehumet_altar_sigil, uniq_norris, uniq_bai_suzhen,
          uniq_asterion
Depths:2: minmay_bubble_buster, layout_long_grid, enter_ziggurat_c,
          serial_sigils_hangedman_gnaw, abyss_entry_crystal,
          grunt_pan_entry_spiral, pf_hell_entry_tar_spiral
Depths:3: minmay_containers, layout_gridlike, serial_bayou_pond_c,
          grunt_hell_entry_dis_old, abyss_entry_flame_altar,
          minmay_guarded_unrand_tortoise, uniq_mennas
Depths:4: grunt_zot_entry_gee_three, layout_gridville, hell_entry,
          grunt_pan_entry_in_and_out, nicolae_abyss_entry_one_way_or_another,
          nicolae_alphabet_shops
Zot:1:    layout_misc_corridors
Zot:2:    layout_concentric_octagons, st_large_dragon_hoard_1,
          regret_index_zotdec_banners
Zot:3:    layout_gridlike, basic_altar, regret_index_zotdec_misc_clamp,
          grunt_megastairs_1
Zot:4:    layout_onion_interference, regret_index_zotdec_dark_gr
Zot:5:    layout_cathedral_of_symmetry

Skill      XL: |  1  2  3  4  5  6  7  8  9 10 11 12 13 14 15 16 17 18 19 20 21 22 23 24 25 |
---------------+----------------------------------------------------------------------------+-----
Spellcasting   | 3 |  3.6
Conjurations   | 1 2 3 4 |  4.1
Air Magic      | 1 |  1.1
Alchemy        | 1 |  1.1
Fighting       | 2 4 6 7 8 11 13 16 17 | 17.8
Throwing       | 1 4 5 6 7 8 9 10 11 12 13 | 13.5
Short Blades   | 1 4 |  4.3
Stealth        | 3 |  3.8
Invocations    | 1 4 5 6 9 11 14 19 | 19.6
Armour         | 3 6 8 9 10 11 12 13 15 17 18 19 | 19.3
Shields        | 3 4 5 7 8 9 10 13 14 15 16 | 16.6
Maces & Flails | 4 9 11 12 13 14 15 16 | 16.0
Dodging        | 2 3 4 5 8 9 |  9.3
Translocations | 7 9 10 12 | 12.0
Evocations     | 7 13 | 13.4
Summonings     | |  0.7

Action                     |  1- 3 |  4- 6 |  7- 9 | 10-12 | 13-15 | 16-18 | 19-21 | 22-24 | 25-27 || total
---------------------------+-------+-------+-------+-------+-------+-------+-------+-------+-------++-------
  Melee: Short sword       |    38 |    57 |   628 |   277 |       |       |       |       |       ||  1000
         Dagger            |     4 |       |       |       |       |       |       |       |       ||     4
         Tailslap          |     3 |    17 |   102 |   108 |   243 |   336 |   153 |   374 |    41 ||  1377
         Broad axe         |       |    52 |       |       |       |       |       |       |       ||    52
         Punch             |       |     1 |     6 |       |       |       |       |       |       ||     7
         Morningstar       |       |       |       |   397 |  1017 |   157 |       |       |       ||  1571
         Eveningstar       |       |       |       |       |   220 |  1463 |   577 |  1553 |   192 ||  4005
  Throw: Dart              |       |       |     9 |    10 |     1 |     3 |     3 |     2 |     5 ||    33
         Javelin           |       |       |       |     4 |     7 |    34 |    12 |    47 |    59 ||   163
         Boomerang         |       |       |       |       |     6 |    11 |    43 |   236 |    59 ||   355
   Cast: Magic Dart        |    86 |   130 |     6 |       |       |       |       |       |       ||   222
         Call Imp          |     4 |     7 |       |       |       |       |       |       |       ||    11
         Mephitic Cloud    |       |     4 |     4 |       |       |       |       |       |       ||     8
         Blink             |       |     1 |       |       |       |     1 |     1 |     2 |       ||     5
         Apportation       |       |       |       |       |       |       |       |       |    24 ||    24
 Invoke: Heroism           |       |       |     7 |    14 |    17 |    26 |     6 |    44 |     3 ||   117
         Finesse           |       |       |       |     6 |     3 |     7 |     2 |     6 |     2 ||    26
         Duel              |       |       |       |     2 |       |       |     1 |       |       ||     3
         Receive Weapon    |       |       |       |       |     1 |       |       |       |       ||     1
         Receive Armour    |       |       |       |       |     1 |       |       |       |       ||     1
  Evoke: Wand              |       |       |     2 |     6 |       |     1 |     2 |       |       ||    11
         Phial of floods   |       |       |       |       |       |     1 |       |       |       ||     1
         Condenser vane    |       |       |       |       |       |       |       |     2 |       ||     2
    Use: Scroll            |       |       |       |    22 |    11 |    11 |     2 |     9 |       ||    55
         Potion            |       |       |       |     7 |     2 |     2 |     4 |     7 |     3 ||    25
   Stab: Sleeping          |     1 |       |       |       |       |       |       |       |       ||     1
         Confused          |       |     1 |     2 |       |       |       |       |       |       ||     3
         Paralysed         |       |       |       |     4 |       |       |       |       |       ||     4
         Held in net/web   |       |       |       |       |     1 |     1 |       |       |       ||     2
         Petrified         |       |       |       |       |    11 |       |       |       |       ||    11
         Distracted        |       |       |       |       |     2 |     2 |       |     1 |       ||     5
         Invisible         |       |       |       |       |       |       |     8 |     1 |       ||     9
 Armour: Robe              |    59 |   104 |    10 |       |       |       |       |       |       ||   173
         Plate armour      |       |       |   432 |   536 |  1053 |  1219 |   323 |   961 |    94 ||  4618
  Dodge: Dodged            |    36 |    52 |    82 |   118 |   187 |   288 |    68 |   290 |    31 ||  1152
  Block: Kite shield       |       |       |   169 |   641 |  1152 |  1077 |       |       |       ||  3039
         Reflection        |       |       |     5 |     8 |    22 |    39 |    26 |       |       ||   100
         Tower shield      |       |       |       |       |       |   630 |   673 |  1661 |   180 ||  3144

Levels and vault maps discovered:
D:1:      lightli_arrival_noodles, layout_basic, minmay_close_crescents
D:2:      layout_loops_ring, shapermc_ecumenical_altar_flowoftime, hex_tiny,
          hangedman_abyss_or_decor_lesser_grid, uniq_crazy_yiuf_cottage
D:3:      layout_loops_ring, gammafunk_temple_overflow_arena,
          minmay_fractal_squares_diagonal_5, uniq_jessica, uniq_robin
D:4:      layout_loops_corners, temple_pool_b, serial_demonic, serial_demonic_f,
          serial_demonic_e, serial_demonic_g, serial_demonic_b, chequers_jeans,
          uniq_blork_the_orc, uniq_natasha
D:5:      layout_rooms, uniq_duvessa
D:6:      layout_basic
D:7:      layout_rooms, uniq_pikel
D:8:      layout_basic, ebering_ghost_inner_flame
D:9:      layout_irregular_city, mainiacjoe_overflow_alcove_4, orc_0_dummy
D:10:     layout_basic, billiards_dpeg, uniq_josephine
D:11:     layout_cave_pools, david_lair_shrubbed, serial_ice, serial_ice_l,
          serial_ice_f, serial_ice_c, serial_ice_g, serial_ice_o, serial_ice_b,
          serial_ice_m, serial_ice_a, serial_ice_h, serial_ice_e,
          portal_ice_cave_entry_ice_simulacra, uniq_sonja, uniq_lodul, uniq_urug
D:12:     layout_roguey, uniq_frances, uniq_rupert
D:13:     wad_guarded_room, layout_rooms, gammafunk_ghost_abyssal_escape,
          chequers_serial_rivers_small_3, minmay_crystal_water,
          kennysheep_flooded_box
D:14:     layout_roguey, david_vaults_4, minmay_hedge_maze
D:15:     hangedman_depths_entry_civil_slaughter, layout_layer_cave,
          hangedman_ru_absence, uniq_nessos, uniq_jorgrun
Temple:   nicolae_temple_no_exploring_needed
Lair:1:   layout_hall_layers, gammafunk_ghost_necromancy, lemuel_fruit_fields
Lair:2:   layout_gridlike, elwin_shoals_entry_stream, dummy_spider_entry,
          minivault_25, minmay_holes, minivault_24, lemuel_fruit_fields,
          uniq_fannar, uniq_harold, uniq_gastronok
Lair:3:   layout_big_grid, infiniplex_staircase_pool_2
Lair:4:   gammafunk_cloud_chamber, layout_regular_city, slime_entry_1,
          nicolae_quartered_pool_little, amcnicky_mini_pool_medium,
          lemuel_fruit_fields
Lair:5:   due_jungle_book, layout_long_grid, serial_bayou, serial_bayou_pond_e,
          serial_bayou_shore_b, serial_bayou_pond_a, serial_bayou_pond_a,
          serial_bayou_crossing, serial_bayou_lake_a, roderic_batcave,
          lemuel_fruit_tree
Shoals:1: layout_shoals, nicolae_shoals_cliffside_cave
Shoals:2: layout_shoals
Shoals:3: layout_shoals, uniq_ilsuiw
Shoals:4: shoals_end_simple, layout_shoals
Spider:1: layout_spider_delve, nicolae_spider_webs_and_nodes, drop_trap,
          hellmonk_deceptive_appearances, uniq_donald
Spider:2: layout_spider_delve, uniq_aizul
Spider:3: layout_chambers
Spider:4: guppyfry_spider_rune, nicolae_spider_claw_tunnel, uniq_louise,
          uniq_arachne
Slime:1:  layout_caves, cheibrodos_slime_lost_civilization_6
Slime:2:  layout_caves
Slime:3:  layout_caves
Slime:4:  layout_caves
Slime:5:  slime_pit_nicolae_block_by_block
Orc:1:    layout_diamond_mine
Orc:2:    grunt_orc_cross, layout_caves, mines4_lemuel, uniq_erolcha
Vaults:1: hangedman_vaults_stagger, nicolae_vaults_closet_pinwheel_2,
          nicolae_vaults_little_guard_posts, v_misc_3, dpeg_vaults_monster_row,
          nicolae_vaults_alarming, nicolae_vaults_turnstiles,
          ontoclasm_vaults_decontamination, layout_vaults_quadrants
Vaults:2: gammafunk_ghost_fury_of_okawaru, nicolae_vaults_lightning_bolt,
          nicolae_vaults_trapezoid_lopsided_3, nicolae_vaults_yaktaur_gun_rack,
          nicolae_vaults_storage_room_statues, v_misc_4,
          minmay_crypt_entry_simple_walls, v_misc_33,
          nicolae_vaults_storage_room_water, nicolae_vaults_bisected_inception,
          grunt_vaults_hallway_long, ontoclasm_vaults_gateway,
          layout_vaults_omnicross
Vaults:3: v_misc_15, cheibrodos_frozen_isle, ontoclasm_vaults_spin,
          vaults_room_door_ring, nicolae_vaults_closet_pinwheel_1,
          v_alt_pattern_5, nicolae_vaults_storage_closets_2, serial_ice_m,
          serial_ice_h, nicolae_vaults_offset_grid_hallway_3,
          nicolae_vaults_octothorpe, v_misc_18, minmay_orc_keep,
          vaults_room_semicircle, layout_vaults_omnibox, serial_shops,
          bzr_entry_customers, uniq_sojobo
Vaults:4: serial_library_hellmonk_angled_corner, nicolae_vaults_border_crossing,
          vaults_dpeg_hooks, nicolae_vaults_shipping_containers_4, v_pattern_2,
          hangedman_vaults_maws, nicolae_vaults_trapezoid_lopsided_4,
          grunt_vaults_funnel, v_misc_5, nicolae_vaults_ring_of_whatevers,
          nicolae_vaults_diagonal_hallway_8, ontoclasm_vaults_loading_screen,
          layout_vaults_chaotic_city, uniq_mara
Depths:1: minmay_the_grid_octo_triangle [minmay_the_grid_octo_empty,
          minmay_the_grid_octo_prize_star, minmay_the_grid_octo_odd_swirl],
          layout_basic, nrook_mini_vaults, serial_shops, shop, abyss_entry,
          hell_entry, nicolae_vehumet_altar_sigil, uniq_norris, uniq_bai_suzhen,
          uniq_asterion
Depths:2: minmay_bubble_buster, layout_long_grid, enter_ziggurat_c,
          serial_sigils_hangedman_gnaw, abyss_entry_crystal,
          grunt_pan_entry_spiral, pf_hell_entry_tar_spiral
Depths:3: minmay_containers, layout_gridlike, serial_bayou_pond_c,
          grunt_hell_entry_dis_old, abyss_entry_flame_altar,
          minmay_guarded_unrand_tortoise, uniq_mennas
Depths:4: grunt_zot_entry_gee_three, layout_gridville, hell_entry,
          grunt_pan_entry_in_and_out, nicolae_abyss_entry_one_way_or_another,
          nicolae_alphabet_shops
Zot:1:    layout_misc_corridors
Zot:2:    layout_concentric_octagons, st_large_dragon_hoard_1,
          regret_index_zotdec_banners
Zot:3:    layout_gridlike, basic_altar, regret_index_zotdec_misc_clamp,
          grunt_megastairs_1
Zot:4:    layout_onion_interference, regret_index_zotdec_dark_gr
Zot:5:    layout_cathedral_of_symmetry

Table legend: (Time is in decaauts)
 A = Elapsed time spent in this place.
 B = Non-inter-level travel time spent in this place.
 C = Inter-level travel time spent in this place.
 D = Time resting spent in this place.
 E = Time spent auto-exploring this place.
 F = Levels seen in this place.
 G = Mean time per level.
                   A        B        C        D        E       F      G
               +--------+--------+--------+--------+--------+-----+--------+
         Total |  50462 |  46930 |   3532 |   5335 |  28291 |  54 |  934.5 |
       Dungeon |  16665 |  14925 |   1740 |   1031 |   9995 |  15 | 1111.0 |
        Temple |     15 |      9 |      6 |      0 |      0 |   1 |   15.0 |
          Lair |   6456 |   5874 |    582 |    388 |   3757 |   5 | 1291.2 |
        Shoals |   3768 |   3610 |    158 |    611 |   1951 |   4 |  942.0 |
   Spider Nest |   4813 |   4647 |    166 |    397 |   2867 |   4 | 1203.2 |
    Slime Pits |   1111 |   1028 |     83 |    154 |    102 |   5 |  222.2 |
  Orcish Mines |   1032 |    950 |     82 |      0 |    714 |   2 |  516.0 |
        Vaults |   7065 |   6825 |    240 |     21 |   5009 |   4 | 1766.2 |
        Depths |   7061 |   6667 |    394 |   2244 |   3213 |   4 | 1765.2 |
           Zot |   2192 |   2115 |     77 |    489 |    614 |   5 |  438.4 |
        Bazaar |    151 |    151 |      0 |      0 |     69 |   1 |  151.0 |
      Ice Cave |     57 |     57 |      0 |      0 |      0 |   1 |   57.0 |
         Arena |     70 |     70 |      0 |      0 |      0 |   3 |   23.3 |
               +--------+--------+--------+--------+--------+-----+--------+

Top non-repeatable levels by time:
Depths:4: 3469 daAuts
Vaults:3: 2043 daAuts
  Lair:5: 1975 daAuts
Vaults:4: 1873 daAuts
Vaults:1: 1763 daAuts
  Lair:2: 1620 daAuts
Spider:3: 1592 daAuts
     D:2: 1575 daAuts
Depths:1: 1533 daAuts
    D:14: 1522 daAuts
    D:10: 1520 daAuts
  Lair:4: 1419 daAuts
Vaults:2: 1385 daAuts
     D:3: 1382 daAuts
Depths:3: 1382 daAuts

Table legend:
 A = Kills in this place as a percentage of kills in the entire game.
 B = Kills by you in this place as a percentage of kills by you in the entire game.
 C = Kills by friends in this place as a percentage of kills by friends in the entire game.
 D = Other kills in this place as a percentage of other kills in the entire game.
 E = Experience gained in this place as a percentage of experience gained in the entire game.
 F = Experience gained in this place divided by the number of levels of this place that you have seen.
                   A       B       C       D       E      F
               +-------+-------+-------+-------+-------+----------------------
         Total | 100.0 | 100.0 | 100.0 | 100.0 | 100.0 | 18839.5
       Dungeon |  24.2 |  24.0 |  53.8 |  30.0 |   8.2 | 5579.1
          Lair |  13.4 |  13.4 |  15.4 |   0.0 |   7.8 | 15894.6
        Shoals |   8.2 |   8.1 |   7.7 |  10.0 |   7.3 | 18654.0
   Spider Nest |  12.1 |  12.2 |   0.0 |  20.0 |  10.6 | 26908.5
    Slime Pits |   5.1 |   5.1 |   0.0 |   0.0 |   6.3 | 12869.4
  Orcish Mines |   3.8 |   3.9 |   0.0 |   0.0 |   1.2 | 6215.0
        Vaults |  14.5 |  14.7 |   0.0 |  10.0 |  20.1 | 51164.2
        Depths |  11.9 |  12.1 |   0.0 |   0.0 |  21.3 | 54210.2
           Zot |   6.1 |   6.0 |  23.1 |  10.0 |  16.7 | 33963.0
      Ice Cave |   0.4 |   0.3 |   0.0 |  20.0 |   0.2 | 1904.0
         Arena |   0.2 |   0.2 |   0.0 |   0.0 |   0.2 | 643.3
               +-------+-------+-------+-------+-------+----------------------
